 Dungeon Crawl Stone Soup version 0.24.0-123-gd5b16e6ec5 (webtiles) character file.

Game seed: 7091521735672866743, levelgen mode: deterministic

1131 Mesmaeker13 the Chopper (level 7, -3/60 HPs)
             Began as a Demigod Skald on Jan 3, 2020.
             Slain by an ogre
             ... wielding a +0 giant club
              (20 damage)
             ... on level 6 of the Dungeon.
             The game lasted 00:11:12 (8143 turns).

Mesmaeker13 the Chopper (Demigod Skald)             Turns: 8143, Time: 00:11:13

Health: -3/60      AC:  8    Str: 18    XL:     7   Next: 90%
Magic:  12/12      EV: 13    Int: 17    God:
Gold:   277        SH:  0    Dex: 15    Spells: 8/9 levels left

rFire    x . .     SeeInvis +   a - +0 hand axe
rCold    + . .     Gourm    .   (no shield)
rNeg     . . .     Faith    .   g - +1 ring mail
rPois    .         Spirit   .   (no helmet)
rElec    .         Reflect  .   (no cloak)
rCorr    .         Harm     .   (no gloves)
MR       .....                  c - +0 pair of boots
Stlth    +.........             (no amulet)
HPRegen  0.20/turn              k - ring of ice
MPRegen  0.13/turn              r - ring of see invisible

@: no status effects
A: high mp 1
a: no special abilities


You were on level 6 of the Dungeon.
You were not hungry.

You visited 1 branch of the dungeon, and saw 6 of its levels.

You collected 277 gold pieces.

Inventory:

Hand Weapons
 a - a +0 hand axe (weapon)
 v - a +0 trident
 x - a +0 dagger of venom
Missiles
 l - 2 javelins (quivered)
Armour
 c - a +0 pair of boots (worn)
 g - a +1 ring mail (worn)
Jewellery
 k - a ring of ice (left hand)
 r - a ring of see invisible (right hand)
 z - an uncursed ring of protection from magic
Wands
 y - a wand of flame (13)
Scrolls
 b - a scroll of enchant weapon
 e - 5 scrolls of remove curse
 f - a scroll of vulnerability {unknown}
 h - a scroll of enchant armour
 j - 2 scrolls of fog {unknown}
 m - a scroll of random uselessness {unknown}
 n - 5 scrolls of fear {unknown}
 o - a scroll of amnesia
 s - 2 scrolls of teleportation
 t - 3 scrolls of immolation {unknown}
 u - a scroll of magic mapping {unknown}
 w - 2 scrolls of noise
Potions
 i - 2 potions of lignification {unknown}
 p - 2 potions of curing
 q - a potion of invisibility {unknown}
 A - a potion of degeneration {unknown}
Comestibles
 d - 9 rations
 B - 3 chunks of flesh


   Skills:
 + Level 4.6 Fighting
 + Level 4.7 Axes
 + Level 4.3 Armour
 + Level 4.6 Dodging
 - Level 1.7 Spellcasting
 - Level 2.6 Charms


You had 8 spell levels left.
You knew the following spells:

 Your Spells              Type           Power        Failure   Level  Hunger
a - Infusion              Chrm           ##..         11%         1    #......

Your spell library contained the following spells:

 Spells                   Type           Power        Failure   Level  Hunger
 Song of Slaying          Chrm           ##......     17%         2    ###....
 Shroud of Golubria       Chrm/Tloc      #.....       28%         2    ###....
 Regeneration             Chrm/Necr      #.........   50%         3    ###....
 Spectral Weapon          Hex/Chrm       #.......     50%         3    ###....


Dungeon Overview and Level Annotations

Branches:
Dungeon (6/15)             Temple (0/1) D:5

Annotations:
D:3 exclusion: upstairs


Innate Abilities, Weirdness & Mutations

You have an increased reservoir of magic. (+10% MP)


Message History

Press: ? - help, Shift-Dir - straight line, f/p - ogre
Aim: an ogre, wielding a +0 giant club (heavily wounded)
The puff of flame hits the ogre.
The ogre is heavily wounded.
The ogre misses you.
Evoke which item? (* to show all) (? for menu, Esc to quit)
Aiming: Throw Flame
Press: ? - help, Shift-Dir - straight line, f/p - ogre
Aim: an ogre, wielding a +0 giant club (heavily wounded)
The puff of flame hits the ogre!
The ogre is severely wounded.
The ogre hits you with a +0 giant club!
* * * LOW HITPOINT WARNING * * *
You feel better.
Throwing (i - inventory)
l - 3 javelins (quivered)
Press: ? - help, Shift-Dir - straight line, f/p - ogre
Aim: an ogre, wielding a +0 giant club (severely wounded)
You throw a javelin. The javelin completely misses the ogre.
The ogre hits you with a +0 giant club!!
You die...

#...... #
#...#.#
#.#...#.#
......####
#.......#
#(.####.####
#....(.....##
##.#(.O.....#
##.#.##@##..#
#.......##..#
........##รท.#
##.##........#
#. ######...#
#< #.......#
#.##.##.# #.
#.# .# # #.# #


You could see an ogre.

Vanquished Creatures
  2 sky beasts (D:5)
  2 ice beasts
  A centaur (D:5)
  2 bullfrogs
  2 crimson imps
  A hound (D:5)
  2 iguanas (D:5)
  Natasha (thrice) (D:2)
  3 worker ants (D:4)
  2 orc wizards
  9 adders
  A shadow imp (D:5)
  7 worms
  4 leopard geckos
  13 orcs
  A ball python (D:2)
  4 giant cockroaches
  9 goblins
  9 hobgoblins
  7 jackals (D:3)
  10 kobolds
  5 bats
  7 frilled lizards
  2 giant cockroach zombies (D:1)
  A leopard gecko skeleton (D:5)
  10 rats
119 creatures vanquished.

Notes
Turn   | Place    | Note
-------+----------+-------------------------------------------
     0 | D:1      | Mesmaeker13 the Demigod Skald began the quest for the Orb.
     0 | D:1      | Reached XP level 1. HP: 17/17 MP: 5/5
    53 | D:1      | Reached skill level 1 in Armour
   467 | D:1      | Reached XP level 2. HP: 24/24 MP: 7/7
  1376 | D:2      | Noticed Natasha
  1395 | D:2      | Reached XP level 3. HP: 21/29 MP: 8/8
  1436 | D:2      | Killed Natasha
  1826 | D:2      | Found a shattered altar of Ashenzari.
  2161 | D:2      | Reached XP level 4. HP: 30/37 MP: 9/9
  2414 | D:2      | Noticed Natasha
  2431 | D:2      | Killed Natasha
  2751 | D:2      | Noticed Natasha
  2757 | D:2      | Killed Natasha
  3213 | D:3      | Reached XP level 5. HP: 31/44 MP: 10/10
  3997 | D:3      | Found an iron altar of Okawaru.
  5690 | D:4      | Reached XP level 6. HP: 33/51 MP: 6/11
  5864 | D:4      | Found a radiant altar of Vehumet.
  6046 | D:4      | Found a blossoming altar of Fedhas.
  6314 | D:5      | Entered Level 5 of the Dungeon
  6613 | D:5      | Reached XP level 7. HP: 30/58 MP: 9/12
  7341 | D:5      | Found a staircase to the Ecumenical Temple.
  7887 | D:5      | Found a shadowy altar of Dithmenos.
  8143 | D:6      | Slain by an ogre

Levels and vault maps discovered:
D:1:      saegor_arrival_fortress, layout_loops_cross, serial_forest,
          infiniplex_forest_straight_3, infiniplex_forest_corner_1,
          infiniplex_forest_clump_long, infiniplex_forest_diagonal,
          infiniplex_forest_clump_diagonal, infiniplex_forest_lined_ring,
          infiniplex_forest_clump_tiny
D:2:      layout_basic, nicolae_ashenzari_panopticon, uniq_natasha
D:3:      layout_loops_cross, kennysheep_okawaru_gauntlet,
          chequers_serial_rivers_small_3
D:4:      layout_loops_ring, nicolae_overflow_crystal_walls,
          vehumet_altar_wand_db
D:5:      layout_loops_cross, nicolae_overflow_hidden_temple,
          minmay_temple_entry_hall, first_ration
D:6:      layout_loops_cross, nicolae_ru_path_of_blood

Skill      XL: |  1  2  3  4  5  6  7 |
---------------+----------------------+-----
Armour         | 1 2 3 4 |  4.3
Axes           | 2 3 4 |  4.7
Dodging        | 2 3 4 |  4.6
Fighting       | 2 3 4 |  4.6
Spellcasting   | |  1.7
Charms         | |  2.6

Action                   |  1- 3 |  4- 6 |  7- 9 || total
-------------------------+-------+-------+-------++-------
Melee: Hand axe          |   126 |   310 |   121 ||   557
Throw: Javelin           |     6 |     6 |     3 ||    15
 Cast: Infusion          |       |     9 |    11 ||    20
Evoke: Wand              |       |     1 |     3 ||     4
  Use: Scroll            |     1 |     5 |     1 ||     7
       Potion            |     1 |       |     2 ||     3
 Stab: Sleeping          |     4 |     7 |       ||    11
  Eat: Ration            |     1 |     1 |       ||     2
       Chunk             |     1 |    13 |     3 ||    17
Armor: Ring mail         |    49 |   114 |    48 ||   211
       Leather armour    |     6 |       |       ||     6
Dodge: Dodged            |    76 |   222 |    68 ||   366
